 Dungeon Sprint DCSS version 0.31.0-9-g3a7656b989 (webtiles) character file.

Game seed: 10380963782723147

199 Heoruswealwe the Spear-Bearer (level 5, 0/53 HPs)
             Began as a Minotaur Fighter on Feb 4, 2024.
             Was an Initiate of Gozag.
             Slain by a hornet (4 damage)
             ... in the Dungeon (Sprint IX: "|||||||||||||||||||||||||||||").
             The game lasted 00:01:22 (122 turns).

Heoruswealwe the Spear-Bearer (Minotaur Fighter)     Turns: 122, Time: 00:01:22

Health: 0/53       AC:  8    Str: 22    XL:     5   Next: 48%
Magic:  4/4        EV: 10    Int:  5    God:    Gozag
Gold:   0          SH:  0    Dex: 10    Spells: 4/4 levels left

rFire   . . .        a - +0 trident
rCold   . . .        (no shield)
rNeg    . . .        c - +0 scale mail
rPois   .            (helmet restricted)
rElec   .            (no cloak)
rCorr   .            (no gloves)
SInv    .            (no boots)
Will    .....        (no amulet) Stlth
                     (no ring)
HPRegen 0.28/turn    (no ring)
MPRegen 0.09/turn

%: no teleportation
@: no status effects
A: horns 2, retaliatory headbutt
a: Renounce Religion, Potion Petition, Call Merchant, Bribe Branch


You were in the Dungeon.
You worshipped Gozag.
Gozag was noncommittal.
You visited 1 branch

Inventory:

Hand Weapons
 a - a +0 trident (weapon)
Armour
 c - a +0 scale mail (worn)
 d - a +0 kite shield
Jewellery
 k - a +3 ring of strength
 l - a +3 ring of strength
Wands
 h - a wand of iceblast (10)
Scrolls
 j - 2 scrolls of blinking
Potions
 b - a potion of might
 e - 2 potions of heal wounds
 f - 4 potions of curing
 g - a potion of haste
 i - a potion of berserk rage


   Skills:
 + Level 7.7 Fighting
 * Level 10.0 Polearms
 + Level 7.7 Armour
 - Level 3.6 Shields


You had 4 spell levels left.
You didn't know any spells.
Your spell library was empty.

Dungeon Overview and Level Annotations

Branches:
Dungeon (1/1)

Altars:
Cheibriados
Dithmenos
Elyvilon
Fedhas
Gozag
Hepliaklqana
Kikubaaqudgha
Makhleb
Nemelex Xobeh
Okawaru
Qazlal
Ru
Sif Muna
Trog
Uskayaw
Vehumet
Wu Jian
Xom
Yredelemnul
Zin
The Shining One
Jiyva
Lugonu


Innate Abilities, Weirdness & Mutations

You have a pair of horns on your head.
You reflexively headbutt those who attack you in melee.


Message History

Okay, then.
You see here a +0 pair of boots.
You see here a +0 pair of gloves.
You see here a +1 chain mail.
k - a +3 ring of strength
l - a +3 ring of strength You open the door.
A troll, a howler monkey, a wight, a centaur, a hornet and an orc warrior come into view.
The wight is wielding a +0 vampiric scimitar.
The howler monkey howls!
The centaur shouts!
The hornet buzzes angrily.
The orc warrior shouts!
You hit the orc warrior but do no damage.
Your headbutt misses the orc warrior.
The orc warrior hits you but does no damage.
You hit the orc warrior but do no damage.
You headbutt the orc warrior, but do no damage.
The orc warrior hits you with a +0 short sword!
* * * LOW HITPOINT WARNING * * *
You hit the orc warrior but do no damage.
The howler monkey hoots and howls with incredible vigour!
The orc warrior hits you with a +0 short sword!
* * * LOW HITPOINT WARNING * * *
You barely miss the orc warrior. Your headbutt misses the orc warrior.
The orc warrior hits you with a +0 short sword.
* * * LOW HITPOINT WARNING * * *
You closely miss the orc warrior. You headbutt the orc warrior!
The orc warrior is moderately wounded.
You puncture the orc warrior!
The orc warrior is heavily wounded.
The orc warrior hits you but does no damage.
You puncture the orc warrior! Your headbutt misses the orc warrior.
The orc warrior is almost dead.
The howler monkey hoots and howls with incredible vigour!
You hear an angry buzzing noise.
You closely miss the hornet. Your headbutt misses the hornet.
The hornet closely misses you.
You barely miss the hornet. Your headbutt misses the hornet.
The hornet stings you.
You die...
Your body crumbles into a pile of gold.

▓.▓
▓h▓
▓T▓
▓z▓
▓c▓
▓o▓
▓y▓
▓@▓
▓.▓
▓[▓
▓[▓
▓[▓
▓.▓
▓)▓
▓?▓
▓!▓


You could see a troll, a hornet, an orc warrior, a centaur, a howler monkey
(catching breath) and a wight.

Vanquished Creatures
  A black bear (D)
  A gnoll sergeant (D)
  An orc priest (D)
  An adder (D)
  An orc (D)
  A giant cockroach (D)
  A hobgoblin (D)
  A quokka (D)
  A ball python (D)
  A kobold (D)
10 creatures vanquished.

Notes
Turn   | Place    | Note
-------+----------+-------------------------------------------
     0 | D        | Heoruswealwe the Minotaur Fighter began the quest for the
                  | Orb.
     0 | D        | Reached XP level 1. HP: 19/19 MP: 0/0
    12 | D        | Reached skill level 3 in Polearms
    26 | D        | Noticed a black bear
    26 | D        | Noticed a gnoll sergeant
    26 | D        | Noticed an orc priest
    31 | D        | Reached skill level 4 in Polearms
    31 | D        | Reached XP level 2. HP: 19/28 MP: 1/1
    42 | D        | Reached skill level 5 in Fighting
    42 | D        | Reached skill level 6 in Polearms
    42 | D        | Reached skill level 5 in Armour
    42 | D        | Reached XP level 3. HP: 14/36 MP: 2/2
    51 | D        | Killed a gnoll sergeant
    52 | D        | Reached skill level 8 in Polearms
    52 | D        | Reached XP level 4. HP: 7/45 MP: 3/3
    55 | D        | Killed a black bear
    56 | D        | Reached skill level 10 in Polearms
    56 | D        | Reached XP level 5. HP: 5/53 MP: 4/4
    69 | D        | Found a snail-covered altar of Cheibriados.
    69 | D        | Found a shadowy altar of Dithmenos.
    69 | D        | Found a white marble altar of Elyvilon.
    69 | D        | Found a blossoming altar of Fedhas.
    69 | D        | Found an opulent altar of Gozag.
    70 | D        | Found a hazy altar of Hepliaklqana.
    71 | D        | Found a viscous altar of Jiyva.
    72 | D        | Found an ancient bone altar of Kikubaaqudgha.
    73 | D        | Found a corrupted altar of Lugonu.
    74 | D        | Found a burning altar of Makhleb.
    75 | D        | Found a sparkling altar of Nemelex Xobeh.
    76 | D        | Found an iron altar of Okawaru.
    77 | D        | Became a worshipper of Gozag Ym Sagoz the Greedy
    78 | D        | Found a stormy altar of Qazlal.
    79 | D        | Found a sacrificial altar of Ru.
    80 | D        | Found a shimmering blue altar of Sif Muna.
    81 | D        | Found a bloodstained altar of Trog.
    82 | D        | Found a hide-covered altar of Uskayaw.
    83 | D        | Found a radiant altar of Vehumet.
    84 | D        | Found an ornate altar of the Wu Jian Council.
    85 | D        | Found a shimmering altar of Xom.
    86 | D        | Found a basalt altar of Yredelemnul.
    87 | D        | Found a glowing silver altar of Zin.
    88 | D        | Found a glowing golden altar of the Shining One.
   113 | D        | Noticed a troll
   113 | D        | Noticed a centaur
   113 | D        | Noticed a hornet
   113 | D        | Noticed an orc warrior
   122 | D        | Slain by a hornet

Illustrated notes

Levels and vault maps discovered:
D:        linesprint [early_d, line_temple, items_1, d_10, items_2, lair_1,
          lair_end, items_3, orc_1, orc_end, items_4, d_15, swamp_1, shoals_1,
          snake_1, spider_1, d_20, vaults_1, items_5, swamp_end, shoals_end,
          snake_end, spider_end, vaults_end, d_27, items_6, zot_1, zot_end,
          crypt_end, forest_end, elf_end, slime_end, tomb_end, abyss_end,
          pan_hell_end]

Skill      XL: |  1  2  3  4 |
---------------+-------------+-----
Polearms       | 4 6 8 10 | 10.0
Fighting       | 4 5 6 7 |  7.7
Armour         | 4 5 6 7 |  7.7
Shields        | |  3.6

Action                     |  1- 3 |  4- 6 || total
---------------------------+-------+-------++-------
  Melee: Trident           |    37 |    13 ||    50
         Headbutt          |     2 |     3 ||     5
    Use: Potion            |     2 |       ||     2
 Armour: Scale mail        |    23 |    10 ||    33
  Dodge: Dodged            |    11 |     3 ||    14
  Block: Buckler           |    11 |       ||    11
